[Event "Titled Tuesday Blitz March 28 Early 2023"]
[White "Vallejo Diaz, Javier"]
[Black "Kozelov, Roman"]
[WhiteFideId "2256398"]
[BlackFideId "14133377"]
[WhiteElo "2519"]
[BlackElo "2149"]
[Result "1/2-1/2"]
[Round "04"]
[TimeControl "180+2"]
[Date "2023.03.28"]
[WhiteClock "0:00:10"]
[BlackClock "0:00:38"]

1. e4 e6 2. d4 d5 3. Nd2 dxe4 4. Nxe4 Nd7 5. Nf3 Ngf6 6. Nxf6+ Nxf6 7. Be3 Bd6 8. h3 O-O 9. Bd3 b6 10. O-O Bb7 11. c4 c5 12. dxc5 bxc5 13. Qe2 Qc7 14. Bg5 Nh5 15. Rfd1 Nf4 16. Bxf4 Bxf4 17. Be4 Rad8 18. g3 Bd6 19. Rd3 Be7 20. Rad1 Bf6 21. b3 g6 22. h4 h5 23. Rxd8 Rxd8 24. Rxd8+ Bxd8 25. Bxb7 Qxb7 26. Nd2 Bf6 27. Ne4 Bd4 28. Ng5 e5 29. Ne4 Kg7 30. Qd3 Qd7 31. Kg2 f5 32. Nc3 e4 33. Qd2 Qe6 34. Nd5 a6 35. Qa5 e3 36. Qc7+ Kh6 37. Qf4+ Kg7 38. fxe3 Be5 39. Qg5 Bd6 40. Kf2 Qe5 41. Nf4 Qb2+ 42. Kf3 Bxf4 43. gxf4 Qxa2 44. Qe7+ Kh6 45. Qf8+ Kh7 46. Qxc5 Qxb3 47. Qe7+ Kh6 48. c5 Qd1+ 49. Kf2 Qd2+ 50. Kf3 Qd1+ 51. Kg3 Qg1+ 52. Kf3 Qf1+ 53. Kg3 Qg1+ 54. Kf3 Qf1+ 55. Kg3 Qg1+ 1/2-1/2


[Site "https://www.chess.com"]

[Event "Titled Tuesday Blitz March 28 Early 2023"]
[White "Carrasco Miranda, Andres"]
[Black "Estrada Nieto, Julian"]
[WhiteFideId "3405990"]
[BlackFideId "5101018"]
[WhiteElo "2183"]
[BlackElo "2176"]
[Result "1/2-1/2"]
[Round "04"]
[TimeControl "180+2"]
[Date "2023.03.28"]
[WhiteClock "0:00:05"]
[BlackClock "0:00:03"]

1. d4 d5 2. c4 dxc4 3. e4 e5 4. Nf3 exd4 5. Bxc4 Nc6 6. O-O Be6 7. Bxe6 fxe6 8. Qb3 Qd7 9. Qxb7 Rb8 10. Qa6 Nge7 11. a3 Ng6 12. b4 Bd6 13. Nbd2 O-O 14. Qd3 Nf4 15. Qb3 Kh8 16. Nc4 Ne2+ 17. Kh1 Nc3 18. Nxd4 Nxe4 19. Nxc6 Qxc6 20. Be3 Bc5 21. Ne5 Qd6 22. Bxc5 Nxc5 23. Ng6+ hxg6 24. Qh3+ Kg8 25. bxc5 Qd5 26. Rad1 Rxf2 27. Rfe1 Rbf8 28. Kg1 Qxc5 29. Qxe6+ Kh7 30. Qh3+ Kg8 31. Qe6+ R2f7+ 32. Kh1 Kh7 33. Qh3+ Qh5 34. Qe6 Qf5 35. Qxf5 gxf5 36. Re6 f4 37. h4 f3 38. gxf3 Rxf3 39. Rd5 R3f5 40. Rxf5 Rxf5 41. Rc6 Rf7 42. Kg2 g6 43. Kg3 Rd7 44. Kg4 Kg7 45. h5 gxh5+ 46. Kxh5 Rd5+ 47. Kg4 Rd7 48. Kf4 Kf7 49. Ke5 Ke7 50. Ra6 Kd8 51. Rxa7 Kc8 52. Ra4 Kb7 53. Rd4 Re7+ 54. Kd5 Re1 55. Kc4 Ra1 56. Kb3 Kb6 57. Rb4+ Kc5 58. Rc4+ Kb6 59. Rc3 c5 60. Ka4 Rd1 61. Kb3 Kb5 62. Rh3 Rd6 63. Rg3 Rc6 64. Rh3 c4+ 65. Kc3 Ka4 66. Rh4 Kxa3 67. Rxc4 Rxc4+ 68. Kxc4 1/2-1/2


[Site "https://www.chess.com"]

[Event "Titled Tuesday Blitz March 28 Early 2023"]
[White "Alinasab, Mobina"]
[Black "Lopez, Nelson M, Ii"]
[WhiteFideId "12528897"]
[BlackFideId "2027895"]
[WhiteElo "2141"]
[BlackElo "2402"]
[Result "1-0"]
[Round "04"]
[TimeControl "180+2"]
[Date "2023.03.28"]
[WhiteClock "0:00:07"]
[BlackClock "0:00:14"]

1. Nf3 Nc6 2. d4 d5 3. g3 Bf5 4. Bg2 h5 5. b3 h4 6. Nxh4 Rxh4 7. gxh4 e6 8. Bb2 Qxh4 9. Nd2 Nf6 10. Nf3 Qh5 11. a3 Bd6 12. c4 O-O-O 13. c5 Bf4 14. e3 Bh6 15. b4 Ng4 16. Qd2 e5 17. dxe5 d4 18. Nxd4 Ngxe5 19. Qe2 Nd3+ 20. Kf1 Qg6 21. Nxf5 Qxf5 22. Rd1 Nce5 23. Bxe5 Nxe5 24. Rxd8+ Kxd8 25. e4 Qf4 26. h3 Qc1+ 27. Qe1 Qxa3 28. Kg1 Nd3 29. Qd1 Ke7 30. Bf1 Nxb4 31. Rh2 Nc6 32. Qd5 Qf3 33. Rg2 g6 34. Rg3 Qf6 35. Rd3 Kf8 36. Bg2 Bf4 37. e5 Bxe5 38. Rf3 Qe7 39. h4 Kg7 40. Bh3 Bf6 41. h5 gxh5 42. Qxh5 Ne5 43. Rg3+ Ng6 44. Bf5 Qe1+ 45. Kg2 Qe7 46. Bxg6 Be5 47. Qh7+ Kf6 48. Rf3+ Ke6 49. Bxf7+ Kd7 50. Qf5+ Kc6 51. Be6 Qxc5 52. Qg4 Bd4 53. Qe4+ Kb5 54. Rb3+ Ka6 55. Qd3+ b5 56. Bc8+ Kb6 57. Qg6+ c6 58. Qg3 Qd5+ 59. Kg1 Qc5 60. Bg4 Qc1+ 61. Kg2 Qc5 62. Qf3 a5 63. Rd3 a4 64. Qe4 Be5 65. Rf3 Bd6 66. Rf5 a3 67. Rxc5 Bxc5 68. Qb1 b4 69. Qa2 Kb5 70. Bd1 Bd4 71. Bb3 c5 72. Bc4+ Kc6 73. Qb3 Kd6 74. Kg3 Ke5 75. f4+ Ke4 76. Qd3# 1-0


[Site "https://www.chess.com"]

[Event "Titled Tuesday Blitz March 28 Early 2023"]
[White "Shkuran, Danylo"]
[Black "Arencibia Monduy, Antonio"]
[WhiteFideId "14106248"]
[BlackFideId "3507939"]
[WhiteElo "2427"]
[BlackElo "2514"]
[Result "0-1"]
[Round "04"]
[TimeControl "180+2"]
[Date "2023.03.28"]
[WhiteClock "0:00:01"]
[BlackClock "0:00:14"]

1. d4 Nf6 2. c4 e6 3. Nf3 b6 4. g3 Bb7 5. Bg2 Be7 6. O-O O-O 7. b3 d6 8. Bb2 Nbd7 9. Nbd2 d5 10. cxd5 Bxd5 11. Qc2 c5 12. e4 Bb7 13. Rfe1 cxd4 14. Bxd4 Rc8 15. Qb2 Nc5 16. Bxc5 Bxc5 17. Rad1 Qe7 18. h3 Rfd8 19. e5 Nd5 20. Nc4 Bb4 21. Re4 b5 22. Nd6 Bxd6 23. exd6 Qxd6 24. Rg4 Qf8 25. Ng5 h6 26. Ne4 f5 27. Rg6 fxe4 28. Bxe4 Qf7 29. Rd3 Nf6 30. Bxb7 Qxg6 31. Re3 Rb8 32. Bc6 Kh8 33. Qe5 Qf7 34. h4 Nd5 35. Re4 Qf6 36. Qc7 Rbc8 37. Qb7 Rc7 38. Qa6 Rd6 0-1


[Site "https://www.chess.com"]

[Event "Titled Tuesday Blitz March 28 Early 2023"]
[White "Ronka, Erik"]
[Black "Perez Rodriguez, Jennifer"]
[WhiteFideId "505080"]
[BlackFideId "3507831"]
[WhiteElo "2264"]
[BlackElo "2170"]
[Result "0-1"]
[Round "04"]
[TimeControl "180+2"]
[Date "2023.03.28"]
[WhiteClock "0:00:02"]
[BlackClock "0:00:14"]

1. e4 e5 2. Nf3 Nc6 3. Bb5 f5 4. d3 fxe4 5. dxe4 Nf6 6. O-O d6 7. Bc4 Na5 8. Be2 Be7 9. b4 Nc6 10. b5 Nb8 11. Bc4 Bg4 12. Nbd2 Nbd7 13. h3 Bh5 14. g4 Nxg4 15. hxg4 Bxg4 16. Be2 Nc5 17. Nh2 Bh3 18. Re1 O-O 19. Bg4 Bxg4 20. Qxg4 Rf4 21. Qg2 Qd7 22. Ndf1 Rf7 23. c4 Raf8 24. Be3 Nd3 25. Red1 Nf4 26. Bxf4 Rxf4 27. f3 Qe6 28. Rac1 R4f6 29. Kh1 Rg6 30. Qf2 Qh3 31. Ne3 Bg5 32. Nf5 Kh8 33. Rc2 Bf4 34. Rg1 Rxg1+ 35. Qxg1 g6 36. Ne3 Bxh2 37. Rxh2 Qxf3+ 38. Ng2 Qxe4 39. Rh3 Qxc4 40. Kh2 Qxb5 41. Qe3 Qd7 42. Qh6 Qg7 43. Qg5 Kg8 44. Rg3 Rf5 45. Qd2 Qf7 46. Kg1 d5 47. Qe2 e4 48. Ne3 Re5 49. Ng4 Qf4 50. Nxe5 Qxg3+ 51. Qg2 Qxe5 52. Qg4 Kg7 53. Qd7+ Kh6 54. Kg2 d4 55. Qh3+ Qh5 56. Qe6 Qg5+ 57. Kf1 Qf4+ 58. Ke1 e3 59. Qh3+ Kg5 60. Qd7 Qf2+ 61. Kd1 Qd2# 0-1


[Site "https://www.chess.com"]

[Event "Titled Tuesday Blitz March 28 Early 2023"]
[White "Roebers, Eline"]
[Black "Orzech, Dominik"]
[WhiteFideId "1058401"]
[BlackFideId "1115065"]
[WhiteElo "2513"]
[BlackElo "2260"]
[Result "0-1"]
[Round "04"]
[TimeControl "180+2"]
[Date "2023.03.28"]
[WhiteClock "0:00:07"]
[BlackClock "0:00:10"]

1. e4 e6 2. d4 d5 3. Bd3 Nf6 4. e5 Nfd7 5. f4 c5 6. c3 Nc6 7. Nf3 Qb6 8. Bc2 Be7 9. a3 a5 10. O-O cxd4 11. cxd4 Nxd4 12. Nxd4 Bc5 13. Be3 Qxb2 14. Qd2 Qxa1 15. Nc3 Qxa3 16. Ndb5 Qb4 17. Nc7+ Kd8 18. Nxa8 d4 19. Ne4 dxe3 20. Qe2 b6 21. Rd1 Ba6 22. Nxc5 Bxe2 23. Rxd7+ Kc8 24. Rc7+ Kb8 25. Na6+ Bxa6 0-1


[Site "https://www.chess.com"]

[Event "Titled Tuesday Blitz March 28 Early 2023"]
[White "Sanchez Alvares, Kelvin Antonio"]
[Black "Valle Maytin, Luis Enrique"]
[WhiteFideId "3906680"]
[BlackFideId "3503666"]
[WhiteElo "2217"]
[BlackElo "2225"]
[Result "1-0"]
[Round "04"]
[TimeControl "180+2"]
[Date "2023.03.28"]
[WhiteClock "0:00:32"]
[BlackClock "0:00:21"]

1. e4 c6 2. d4 d5 3. e5 c5 4. dxc5 e6 5. Be3 Nd7 6. Bb5 Ne7 7. c3 Nc6 8. Nf3 Bxc5 9. Bxc5 Nxc5 10. O-O O-O 11. Nbd2 a6 12. Be2 b5 13. Nb3 Na4 14. Qd2 Bb7 15. Nbd4 Nc5 16. Bd3 h6 17. Rae1 Qc7 18. Bb1 Nxd4 19. Nxd4 Ne4 20. Qe3 Rac8 21. f3 Nc5 22. Kh1 Na4 23. Qd2 Nb6 24. f4 Nc4 25. Qf2 Qc5 26. Qc2 g6 27. Nxe6 Qe7 28. Nxf8 Rxf8 29. f5 d4 30. cxd4 Qg5 31. fxg6 f5 32. exf6 Ne3 33. Rxe3 Qxe3 34. g7 Bxg2+ 35. Qxg2 Rxf6 36. Bh7+ Kxh7 37. g8=Q# 1-0


[Site "https://www.chess.com"]

[Event "Titled Tuesday Blitz March 28 Early 2023"]
[White "Fawzy, Adham"]
[Black "Karamsetty, Jeevan"]
[WhiteFideId "10613129"]
[BlackFideId "2025337"]
[WhiteElo "2539"]
[BlackElo "2111"]
[Result "0-1"]
[Round "04"]
[TimeControl "180+2"]
[Date "2023.03.28"]
[WhiteClock "0:00:14"]
[BlackClock "0:00:17"]

1. e4 g6 2. d4 d6 3. Nc3 Bg7 4. Nf3 Nf6 5. Be2 O-O 6. O-O a6 7. a4 Nc6 8. a5 e5 9. d5 Ne7 10. Nd2 Ne8 11. Na4 f5 12. b4 Bd7 13. c4 fxe4 14. Nxe4 Nf5 15. Nac3 Nd4 16. Bg4 Bxg4 17. Qxg4 Nf6 18. Nxf6+ Qxf6 19. Rb1 Qf5 20. Qe4 Rf7 21. Kh1 Qh5 22. Be3 Raf8 23. f3 Bh6 24. Bxd4 Rf4 25. Qe1 Rxd4 26. c5 Rh4 27. h3 Bf4 28. Ne2 Rxh3+ 29. Kg1 Rh1+ 30. Kf2 Qh4+ 31. g3 Qh2# 0-1


[Site "https://www.chess.com"]

[Event "Titled Tuesday Blitz March 28 Early 2023"]
[White "Avazkhonov, Alikhon"]
[Black "Lehtosaari, Mauri"]
[WhiteFideId "14208504"]
[BlackFideId "501999"]
[WhiteElo "1739"]
[BlackElo "2508"]
[Result "0-1"]
[Round "04"]
[TimeControl "180+2"]
[Date "2023.03.28"]
[WhiteClock "0:00:16"]
[BlackClock "0:00:28"]

1. d4 d5 2. c4 c6 3. Nc3 Nf6 4. Nf3 dxc4 5. a4 Bf5 6. Ne5 Nbd7 7. Nxc4 Nb6 8. Ne5 a5 9. f3 Nfd7 10. e4 Nxe5 11. exf5 Ned7 12. d5 Nf6 13. dxc6 Qxd1+ 14. Nxd1 bxc6 15. Be3 Nfd5 16. Bd4 Rg8 17. Nc3 g6 18. Nxd5 Nxd5 19. fxg6 hxg6 20. g3 e6 21. f4 Bb4+ 22. Kf2 Ke7 23. Bg2 Rgd8 24. Rhd1 Rab8 25. Rac1 Rdc8 26. Kg1 Bd6 27. Rd2 Rb4 28. Bxd5 exd5 29. Bc5 Rxa4 30. Rxd5 cxd5 31. Bxd6+ Kd7 32. Rxc8 Kxc8 33. Be5 Re4 34. Bc3 Re2 35. Bxa5 Rxb2 36. Bc3 Rc2 37. Bd4 Kd7 38. h4 f5 39. Kf1 Kc6 40. Ke1 Kb5 0-1


[Site "https://www.chess.com"]

[Event "Titled Tuesday Blitz March 28 Early 2023"]
[White "Osinenko, Anton"]
[Black "Silva Lucena, Cristian"]
[WhiteFideId "4158970"]
[BlackFideId "2232588"]
[WhiteElo "2294"]
[BlackElo "2223"]
[Result "0-1"]
[Round "04"]
[TimeControl "180+2"]
[Date "2023.03.28"]
[WhiteClock "0:00:05"]
[BlackClock "0:00:15"]

1. e4 c5 2. Nf3 e6 3. c3 Nf6 4. e5 Nd5 5. d4 cxd4 6. Bc4 b6 7. cxd4 Ba6 8. Bxa6 Nxa6 9. O-O Be7 10. Nbd2 O-O 11. Ne4 f5 12. Ng3 Rc8 13. a3 Nac7 14. Bd2 Nb5 15. Rc1 a5 16. Qb3 Na7 17. Rxc8 Qxc8 18. Rc1 Qb7 19. Ne2 Nc6 20. Ne1 Qa6 21. Qd3 b5 22. Nc2 Qb6 23. Ne3 Nxe3 24. Bxe3 b4 25. f4 Qb7 26. d5 Nb8 27. d6 Bd8 28. a4 Bb6 29. Kf2 Nc6 30. Bxb6 Qxb6+ 31. Qe3 Qa6 32. b3 Rc8 33. Qc5 Qd3 34. Qe3 Qa6 35. Ke1 Kf7 36. Kd2 h6 37. Qd3 Qb7 38. Qb5 Qa7 39. Qc5 Qa6 40. Rc4 g5 41. g3 g4 42. Qe3 h5 43. Kd3 Nd8 44. Qd4 Rc6 45. Kc2 Nb7 46. Kb2 h4 47. Nc1 Rxc4 48. bxc4 Qc6 49. Qd3 Nc5 50. Qe2 Nxa4+ 51. Kc2 Nc5 52. h3 Qa4+ 53. Kd2 b3 54. Ke1 Qb4+ 55. Kf2 b2 56. hxg4 bxc1=Q 57. gxf5 Qcd2 0-1


[Site "https://www.chess.com"]

[Event "Titled Tuesday Blitz March 28 Early 2023"]
[White "Petukhov, Dmitry"]
[Black "Boraso, Alessio"]
[WhiteFideId "4142748"]
[BlackFideId "848077"]
[WhiteElo "2311"]
[BlackElo "2286"]
[Result "0-1"]
[Round "04"]
[TimeControl "180+2"]
[Date "2023.03.28"]
[WhiteClock "0:01:30"]
[BlackClock "0:00:37"]

1. e4 c5 2. c3 d5 3. exd5 Qxd5 4. d4 Nc6 5. Nf3 e5 6. Bb5 cxd4 7. Qe2 Bd6 8. cxd4 Bg4 9. Nc3 Bxf3 10. gxf3 Qxd4 11. O-O Qh4 12. f4 Ne7 13. fxe5 Bc7 14. Kh1 O-O 15. f4 Nf5 16. Rg1 Bb6 17. Rg4 Qh5 18. Bd2 Rad8 19. Bxc6 bxc6 20. Ne4 Rxd2 21. Nxd2 Ng3+ 22. Rxg3 Qxe2 23. Rg2 Qd3 24. Rc1 Qd5 25. h3 Rd8 26. Kh2 Be3 27. Rc2 Bxd2 28. Rgxd2 Qxd2+ 29. Rxd2 Rxd2+ 0-1


[Site "https://www.chess.com"]

[Event "Titled Tuesday Blitz March 28 Early 2023"]
[White "Bruedigam, Martin"]
[Black "BenchGM"]
[WhiteFideId "24608033"]
[WhiteElo "2331"]
[BlackElo "2375"]
[Result "1/2-1/2"]
[Round "04"]
[TimeControl "180+2"]
[Date "2023.03.28"]
[WhiteClock "0:00:09"]
[BlackClock "0:00:16"]

1. d4 Nf6 2. c4 b6 3. f3 Nc6 4. e4 e5 5. d5 Ne7 6. Be3 Ng6 7. g3 Bc5 8. Bxc5 bxc5 9. Nc3 O-O 10. Bh3 d6 11. Bxc8 Qxc8 12. Qd2 Rb8 13. b3 h6 14. h4 Nh5 15. Nge2 f5 16. Rf1 fxe4 17. Nxe4 Nf6 18. N4c3 Ne7 19. g4 Nd7 20. O-O-O Qa6 21. h5 Nb6 22. Qd3 Qa3+ 23. Kd2 a5 24. Nc1 a4 25. Nb5 Qb2+ 26. Qc2 Qxc2+ 27. Kxc2 axb3+ 28. axb3 Rbc8 29. Ne2 Kf7 30. Ng3 Ke8 31. Kb2 Kd7 32. Ne4 Ra8 33. g5 Rf4 34. gxh6 gxh6 35. Rf2 Raf8 36. Rdf1 Nf5 37. Rg1 Nd4 38. Rg7+ R8f7 39. Rxf7+ Rxf7 40. Nd2 Rf5 41. Nxd4 cxd4 42. Rh2 Nc8 43. Kc2 Ne7 44. Kd3 Rf4 45. b4 Nf5 46. c5 dxc5 47. bxc5 Ne3 48. c6+ Kd6 49. Nc4+ Kxd5 50. Nxe3+ dxe3 51. Kxe3 Kxc6 52. Rg2 Rf6 53. Rg6 Rd6 54. Ke4 Kd7 55. Rg7+ Ke6 56. Rh7 Rd4+ 57. Ke3 Rh4 58. Rxh6+ Kf5 59. Rh7 c5 60. Rh8 Kg5 61. Rc8 Rxh5 62. Rxc5 Kf5 63. Rb5 Rh3 64. Ra5 Rh1 65. Rb5 Re1+ 66. Kf2 Ra1 67. Ke3 Ra3+ 68. Kf2 Kf4 69. Rb4+ Kf5 70. Rb8 Kf4 71. Rf8+ Kg5 72. Kg3 e4 73. Kf2 exf3 74. Rxf3 Rxf3+ 75. Kxf3 1/2-1/2


[Site "https://www.chess.com"]

[Event "Titled Tuesday Blitz March 28 Early 2023"]
[White "Shukhman, Anna"]
[Black "Jumanov, Elbek"]
[WhiteFideId "54180058"]
[BlackFideId "14202905"]
[WhiteElo "2125"]
[BlackElo "2055"]
[Result "1-0"]
[Round "04"]
[TimeControl "180+2"]
[Date "2023.03.28"]
[WhiteClock "0:00:15"]
[BlackClock "0:00:09"]

1. e4 c5 2. Nf3 e6 3. d4 cxd4 4. Nxd4 Nf6 5. Nc3 d6 6. g4 h6 7. g5 hxg5 8. Bxg5 Nc6 9. Bb5 Bd7 10. Qd2 Be7 11. O-O-O Qc7 12. Rhe1 Rxh2 13. Bxc6 bxc6 14. e5 dxe5 15. Nf3 Rh8 16. Nxe5 Rd8 17. Bf4 Qb6 18. Nc4 Qa6 19. Nd6+ Kf8 20. Rh1 Rg8 21. Be5 Nd5 22. Nxd5 exd5 23. Qf4 Be6 24. Bxg7+ Rxg7 25. Rh8+ Rg8 26. Qh6# 1-0


[Site "https://www.chess.com"]

[Event "Titled Tuesday Blitz March 28 Early 2023"]
[White "Bochnicka, Vladimir"]
[Black "koncheto"]
[WhiteFideId "14943450"]
[WhiteElo "2094"]
[BlackElo "2504"]
[Result "1-0"]
[Round "04"]
[TimeControl "180+2"]
[Date "2023.03.28"]
[WhiteClock "0:00:27"]
[BlackClock "0:00:03"]

1. e4 d5 2. exd5 Qxd5 3. Nc3 Qa5 4. d4 c6 5. Nf3 Nf6 6. Bc4 Bf5 7. O-O e6 8. Re1 Bd6 9. h3 O-O 10. Ne5 Nbd7 11. Bf4 Qc7 12. Qf3 a6 13. g4 Bxc2 14. Rac1 Bg6 15. h4 Nd5 16. Bxd5 exd5 17. Nxd5 Qd8 18. Nxd7 cxd5 19. Bxd6 Qxd7 20. Bxf8 Rxf8 21. h5 Be4 22. Qf4 Qa4 23. Qe5 Re8 24. b3 Qd7 25. Qg5 h6 26. Qf4 Re6 27. Rc7 Qe8 28. Rec1 Rf6 29. Qxf6 gxf6 30. Rc8 Kf8 31. Rxe8+ Kxe8 1-0


[Site "https://www.chess.com"]

[Event "Titled Tuesday Blitz March 28 Early 2023"]
[White "Garv Gaur"]
[Black "Manon-og, Ramon Jr."]
[WhiteFideId "45030839"]
[BlackFideId "5200776"]
[WhiteElo "2068"]
[BlackElo "2356"]
[Result "0-1"]
[Round "04"]
[TimeControl "180+2"]
[Date "2023.03.28"]
[WhiteClock "0:00:04"]
[BlackClock "0:00:14"]

1. Nf3 Nf6 2. g3 g6 3. Bg2 d5 4. O-O Bg7 5. c4 d4 6. d3 O-O 7. e3 c5 8. exd4 cxd4 9. a3 Nc6 10. b4 Bg4 11. h3 Bf5 12. Bb2 Ne8 13. Qe2 a6 14. Re1 Nc7 15. Nbd2 Re8 16. g4 Bd7 17. Nb3 e5 18. Nc5 Bc8 19. Bc1 Ne6 20. Nxe6 Bxe6 21. Ng5 Qd7 22. Ne4 f5 23. Nc5 Qf7 24. Nxe6 Rxe6 25. Bd5 Rae8 26. f4 Kh8 27. gxf5 Qxf5 28. Bxe6 Rxe6 29. Qg4 Qxd3 30. Be3 Qxc4 31. Rac1 Qd5 32. Rc5 Qd6 33. fxe5 Bxe5 34. Bf4 d3 35. Bxe5+ Nxe5 36. Rcxe5 Rxe5 37. Qc8+ Kg7 38. Qxb7+ Kh6 39. Rxe5 Qxe5 40. Qd7 Qe1+ 41. Kg2 Qe2+ 42. Kg3 d2 43. Qd6 d1=Q 44. Qf8+ Kh5 45. Qc5+ g5 0-1


[Site "https://www.chess.com"]

[Event "Titled Tuesday Blitz March 28 Early 2023"]
[White "Real_taiatai"]
[Black "TheKnightOfBosnia"]
[WhiteElo "2352"]
[BlackElo "2500"]
[Result "1-0"]
[Round "04"]
[TimeControl "180+2"]
[Date "2023.03.28"]
[WhiteClock "0:01:03"]
[BlackClock "0:01:00"]

1. d4 Nf6 2. c4 g6 3. Nc3 Bg7 4. e4 d6 5. h3 O-O 6. Be3 e5 7. d5 a5 8. g4 Na6 9. Nge2 Nd7 10. Ng3 Ndc5 11. h4 f5 12. gxf5 gxf5 13. exf5 Bxf5 14. Nxf5 Rxf5 15. Qg4 Qf6 16. Rg1 Nb4 17. O-O-O e4 18. Bd4 Nxa2+ 19. Kc2 Rxf2+ 20. Kb1 Nxc3+ 21. bxc3 Ra6 22. Qc8+ Kf7 23. Qxc7+ Ke8 24. Bxf6 Bxf6 25. Rg8# 1-0


[Site "https://www.chess.com"]

[Event "Titled Tuesday Blitz March 28 Early 2023"]
[White "Da Silva, Lindolfo Luiz"]
[Black "Fernandez Siles, Luis"]
[WhiteFideId "2106558"]
[BlackFideId "2209420"]
[WhiteElo "2498"]
[BlackElo "2186"]
[Result "1-0"]
[Round "04"]
[TimeControl "180+2"]
[Date "2023.03.28"]
[WhiteClock "0:02:01"]
[BlackClock "0:01:01"]

1. d4 Nf6 2. g3 g6 3. Bg2 c5 4. Nf3 Bg7 5. O-O cxd4 6. Nxd4 O-O 7. c4 Nc6 8. Nc3 d6 9. b3 Bd7 10. Bb2 Nxd4 11. Qxd4 Bc6 12. Nd5 Nh5 13. Qd2 Bxb2 14. Qxb2 e6 15. Nc3 Bxg2 16. Kxg2 Qf6 17. Rad1 Rfd8 18. Qd2 Rac8 19. Ne4 Qe5 20. Qd4 Qxd4 21. Rxd4 d5 22. Rfd1 Re8 23. cxd5 exd5 24. Nd6 Rcd8 25. Nxe8 Rxe8 26. Rxd5 Rxe2 27. R1d2 Re6 28. Rd7 Rb6 29. R2d6 Rb5 30. Rc7 1-0


[Site "https://www.chess.com"]

[Event "Titled Tuesday Blitz March 28 Early 2023"]
[White "Zaragatski, Ilja"]
[Black "Gutkin, Ilya"]
[WhiteFideId "4655192"]
[BlackFideId "16203470"]
[WhiteElo "2460"]
[BlackElo "2265"]
[Result "1-0"]
[Round "04"]
[TimeControl "180+2"]
[Date "2023.03.28"]
[WhiteClock "0:01:05"]
[BlackClock "0:00:03"]

1. e4 e6 2. d4 d5 3. Nd2 c5 4. exd5 exd5 5. Bb5+ Bd7 6. Bxd7+ Qxd7 7. Ngf3 Qe6+ 8. Qe2 Qxe2+ 9. Kxe2 Nc6 10. Re1 cxd4 11. Nb3 Bb4 12. Bd2 Bxd2 13. Kxd2+ Kd7 14. Nbxd4 Nf6 15. Nxc6 bxc6 16. Ne5+ Ke6 17. Nxc6+ Kd6 18. Nd4 Ne4+ 19. Ke2 g6 20. f3 Nc5 21. Kd2 Rab8 22. b3 Rhc8 23. a4 a6 24. Re3 Ne6 25. Nxe6 fxe6 26. Rae1 Re8 27. f4 Rb4 28. g3 a5 29. h4 h6 30. Re5 Rb6 31. h5 gxh5 32. Rxh5 Rg8 33. Rxh6 Kd7 34. f5 Rxg3 35. fxe6+ Ke8 36. Rh8+ Ke7 37. Rh7+ Ke8 38. e7 Rg8 39. Rh5 Rd6 40. Kd3 Rg3+ 41. Kd4 Rg8 42. Rxd5 1-0


[Site "https://www.chess.com"]

[Event "Titled Tuesday Blitz March 28 Early 2023"]
[White "Tanmay Jain"]
[Black "Karthik Sai Ch"]
[WhiteFideId "45015481"]
[BlackFideId "46649484"]
[WhiteElo "2032"]
[BlackElo "2003"]
[Result "1-0"]
[Round "04"]
[TimeControl "180+2"]
[Date "2023.03.28"]
[WhiteClock "0:01:14"]
[BlackClock "0:01:20"]

1. e4 c5 2. Nf3 d6 3. d4 cxd4 4. Nxd4 Nf6 5. Nc3 a6 6. g3 e5 7. Nb3 Be7 8. Bg2 O-O 9. O-O Be6 10. Bg5 Nc6 11. Qd2 Qc7 12. Rac1 Rfd8 13. Nd5 Bxd5 14. exd5 Nb8 15. c4 Nbd7 16. h3 a5 17. Qc2 h6 18. Be3 b6 19. Nd2 Nc5 20. b3 Nfd7 21. a3 Na6 22. f4 exf4 23. Bxf4 Qc5+ 24. Kh2 Qxa3 25. Rce1 Bf6 26. Qf5 g6 27. Qg4 h5 28. Qf3 Bg7 29. Ne4 Ne5 30. Bxe5 dxe5 31. Qxf7+ Kh8 32. Qxg6 Rf8 33. Ng5 1-0


[Site "https://www.chess.com"]

[Event "Titled Tuesday Blitz March 28 Early 2023"]
[White "Sawyer, Bradley"]
[Black "Rom, Jasper"]
[WhiteFideId "2023784"]
[BlackFideId "2023733"]
[WhiteElo "2340"]
[BlackElo "2233"]
[Result "0-1"]
[Round "04"]
[TimeControl "180+2"]
[Date "2023.03.28"]
[WhiteClock "0:00:01"]
[BlackClock "0:00:06"]

1. c4 e6 2. g3 d5 3. Bg2 Nf6 4. Nf3 Be7 5. O-O O-O 6. b3 b6 7. Bb2 Bb7 8. e3 Na6 9. Qe2 c5 10. Rd1 Rc8 11. Nc3 d4 12. Nb5 d3 13. Qf1 Nb4 14. Ne5 Bxg2 15. Qxg2 a6 16. Na7 Rc7 17. Nac6 Nxc6 18. Nxc6 Qd7 19. Ne5 Qd6 20. f4 Rd8 21. Rac1 Nd7 22. Nf3 Bf6 23. Bc3 b5 24. e4 Bxc3 25. Rxc3 e5 26. f5 b4 27. Rcc1 a5 28. g4 a4 29. Re1 Ra7 30. Re3 Nb8 31. Ne1 Nc6 32. Rxd3 Nd4 33. Re3 axb3 34. axb3 Ra3 35. Rb1 Rda8 36. Nf3 Ra1 37. Ree1 R1a2 38. Rbd1 Nxb3 39. g5 Rd8 40. f6 g6 41. Qg3 Re8 42. Qh4 Nd4 43. Nxd4 Qxd4+ 44. Kf1 h5 45. gxh6 Qxc4+ 46. Kg1 Qd4+ 47. Qf2 Kh7 48. Qxd4 cxd4 0-1


[Site "https://www.chess.com"]

[Event "Titled Tuesday Blitz March 28 Early 2023"]
[White "Jaskolka, Tomasz"]
[Black "Polanco Nunez, Yoel Estarling"]
[WhiteFideId "1170791"]
[BlackFideId "6401783"]
[WhiteElo "2155"]
[BlackElo "2132"]
[Result "1-0"]
[Round "04"]
[TimeControl "180+2"]
[Date "2023.03.28"]
[WhiteClock "0:00:13"]
[BlackClock "0:00:10"]

1. d4 d5 2. Bf4 c5 3. e3 Nc6 4. c3 Nf6 5. Nd2 Bf5 6. Ngf3 e6 7. Qa4 Nd7 8. Bb5 Qb6 9. Ne5 Ndxe5 10. Bxe5 f6 11. dxc5 Bxc5 12. Bd4 Bxd4 13. exd4 a6 14. Bxc6+ bxc6 15. b4 Bd3 16. Nb3 O-O 17. Nc5 Bc4 18. Nd7 Qc7 19. Nxf8 Rxf8 20. Qa5 Qf4 21. Qa3 Qe4+ 22. Kd2 Qe2+ 23. Kc1 Qxf2 24. Qb2 Qf5 25. Qd2 e5 26. Kb2 exd4 27. Qxd4 a5 28. a3 a4 29. Rae1 Bb3 30. Re2 h6 31. Rhe1 Kh7 32. g4 Qg6 33. h4 Bc4 34. Re7 Bb3 35. R1e2 Bc4 36. h5 Qg5 37. Rf2 f5 38. Re5 Qh4 39. gxf5 Qxh5 40. Rg2 Rf7 41. Qf4 Qd1 42. Qg3 Qb3+ 43. Kc1 Qxa3+ 44. Kd2 Qb2+ 45. Ke1 d4 46. Qg6+ Kg8 47. Re8+ Rf8 48. Qxg7# 1-0


[Site "https://www.chess.com"]

[Event "Titled Tuesday Blitz March 28 Early 2023"]
[White "Jiganchine, Roman"]
[Black "Sztokbant, Bernardo Vainzoff"]
[WhiteFideId "2603667"]
[BlackFideId "2115956"]
[WhiteElo "2336"]
[BlackElo "2222"]
[Result "0-1"]
[Round "04"]
[TimeControl "180+2"]
[Date "2023.03.28"]
[WhiteClock "0:00:14"]
[BlackClock "0:00:14"]

1. e4 c5 2. Nf3 d6 3. Bb5+ Bd7 4. Bxd7+ Qxd7 5. c4 Nc6 6. d4 cxd4 7. Nxd4 Nf6 8. Nc3 g6 9. f3 Bg7 10. Be3 Rc8 11. b3 O-O 12. O-O a6 13. a4 Na5 14. Rb1 e6 15. Qd2 Qc7 16. Rfc1 Nd7 17. Qf2 Nc5 18. b4 Nd3 19. Qe2 Nxc1 20. Rxc1 Nxc4 21. Bf2 d5 22. exd5 Qf4 23. Rd1 Rfd8 24. g3 Qd6 25. Ne4 Qxd5 26. Kg2 e5 27. Nf5 Qxd1 28. Ne7+ Kf8 29. Nxg6+ hxg6 30. Qa2 Ne3+ 31. Bxe3 Rc2+ 32. Qxc2 Qxc2+ 0-1


[Site "https://www.chess.com"]